 Dungeon Crawl Stone Soup version 0.31-a0-7-g51783674b7 (webtiles) character file.

Game seed: 3630986912855655990

85 Dittersdorf the Shield-Bearer (level 4, -4/29 HPs)
             Began as a Gargoyle Fighter on May 5, 2023.
             Slain by Crazy Yiuf
             ... wielding a +4 quarterstaff of chaos
              (9 damage)
             ... on level 2 of the Dungeon.
             The game lasted 00:01:40 (1757 turns).

Dittersdorf the Shield-Bearer (Gargoyle Fighter)    Turns: 1757, Time: 00:01:40

Health: -4/29      AC: 10    Str: 22    XL:     4   Next: 48%
Magic:  4/4        EV:  9    Int:  8    God:
Gold:   88         SH:  4    Dex:  9    Spells: 3/3 levels left

rFire   . . .        a - +0 flail
rCold   . . .        c - +0 buckler
rNeg    + . .        b - +0 scale mail
rPois   ∞            (no helmet)
rElec   +            (no cloak)
rCorr   .            (no gloves)
SInv    .            (no boots)
Will    .....        (no amulet) Stlth
                     (no ring)
HPRegen 0.24/turn    (no ring)
MPRegen 0.09/turn

%: no passive effects
@: no status effects
A: sickness immunity, AC +3, negative energy resistance 1, electricity
resistance, torment resistance 1, petrification resistance
a: no special abilities


You were on level 2 of the Dungeon.
You visited 1 branch of the dungeon, and saw 2 of its levels.

You collected 88 gold pieces.

Inventory:

Hand Weapons
 a - a +0 flail (weapon)
Missiles
 q - a throwing net (quivered)
Armour
 b - a +0 scale mail (worn)
 c - a +0 buckler (worn)
Wands
 o - a wand of paralysis (10)
Scrolls
 e - 6 scrolls of identify {unknown}
 f - a scroll of teleportation {unknown}
 h - a scroll of enchant weapon {unknown}
 i - a scroll of blinking {unknown}
 l - a scroll of vulnerability {unknown}
 n - a scroll of immolation {unknown}
 p - a scroll of enchant armour {unknown}
Potions
 d - a potion of might
 g - 2 potions of ambrosia {unknown}
 j - a potion of brilliance {unknown}
 k - a potion of heal wounds {unknown}
 m - 2 potions of curing {unknown}


   Skills:
 + Level 3.9 Fighting
 + Level 2.8 Maces & Flails
 + Level 4.0 Armour
 + Level 4.0 Shields


You had 3 spell levels left.
You didn't know any spells.
Your spell library contained the following spells:

 Spells                   Type           Power      Damage    Failure   Level
 Magic Dart               Conj           0%         1d3       80%         1
 Sandblast                Erth           0%         2d4       80%         1
 Passwall                 Tmut/Erth      0%         N/A       90%         2
 Searing Ray              Conj           0%         2d4       90%         2
 Stone Arrow              Conj/Erth      0%         3d7       99%         3
 Fulminant Prism          Conj/Hex       0%         3d5       100%        4


Dungeon Overview and Level Annotations

Branches:
Dungeon (2/15)

Altars:

Annotations:
D:2 Crazy Yiuf


Innate Abilities, Weirdness & Mutations

You are immune to sickness and miasma.
Your stone body is resilient. (AC +3)
You are immune to poison.
You resist negative energy. (rN+)
You are resistant to electric shocks. (rElec)
You are resistant to unholy torment.
You are immune to petrification.


Message History

No target in view!
No target in view!
No target in view!
No target in view!
No target in view!
No target in view!
No target in view!
No target in view!
No target in view!
You pick up a book of Conjurations and begin reading...
You add the spells Magic Dart, Searing Ray and Fulminant Prism to your library.
Found 6 large rocks.
m - 2 sedimented coppery potions (gained 1)
You see here a +0 war axe.
There is an escape hatch in the ceiling here.
You see here a worm corpse.
You see here a worm corpse.
Crazy Yiuf shouts!
Could not explore, unopened runed door.
No reachable target in view!
You open the door.
Crazy Yiuf says, "Walk toodlewoodle action!"
You closely miss Crazy Yiuf.
Crazy Yiuf hits you with a +4 quarterstaff of chaos.
You barely miss Crazy Yiuf. You block Crazy Yiuf's attack.
Crazy Yiuf hits you with a +4 quarterstaff of chaos!
You closely miss Crazy Yiuf.
Crazy Yiuf hits you with a +4 quarterstaff of chaos.
You completely miss Crazy Yiuf.
Crazy Yiuf sings, "Trees, trees, trees, circus!"
You block Crazy Yiuf's attack.
You barely miss Crazy Yiuf.
Crazy Yiuf hits you with a +4 quarterstaff of chaos.
* * * LOW HITPOINT WARNING * * *
You sock Crazy Yiuf!
Crazy Yiuf is moderately wounded.
Crazy Yiuf hits you with a +4 quarterstaff of chaos.
* * * LOW HITPOINT WARNING * * *
Crazy Yiuf hits you with a +4 quarterstaff of chaos!
You die...

#......######
.......##...#########
#...................#
.......##############
.##.#### ....# #.###
####♣♣ ### ..#
###....♣♣ ♣♣#..)# .##
#.......♣♣♣♣@g...#
.####.#......♣..♣#...#
...##.##....♣.♣♣♣ ###
##....####♣♣♣♣♣
##......#
##......###########
.............#....#
##..............###
###..####.#.#...#


You could see Crazy Yiuf.

Vanquished Creatures
  Terence (D:2)
  An adder (D:2)
  A worm (D:2)
  A dart slug (D:1)
  4 bats
  5 endoplasms (D:1)
  A giant cockroach (D:1)
  4 goblins
  3 hobgoblins
  6 jackals
  3 kobolds
  2 quokkas
  3 ball pythons
  7 rats
42 creatures vanquished.

Vanquished Creatures (others)
  4 demonic plants (D:1)
  2 withered plants (D:1)
6 creatures vanquished.

Grand Total: 48 creatures vanquished

Notes
Turn   | Place    | Note
-------+----------+-------------------------------------------
     0 | D:1      | Dittersdorf the Gargoyle Fighter began the quest for the
                  | Orb.
     0 | D:1      | Reached XP level 1. HP: 14/14 MP: 1/1
   285 | D:1      | Reached XP level 2. HP: 17/19 MP: 2/2
   366 | D:1      | Found a faded altar of an unknown god.
   482 | D:1      | Reached XP level 3. HP: 2/23 MP: 3/3
  1118 | D:2      | Noticed Terence
  1129 | D:2      | Killed Terence
  1130 | D:2      | Reached XP level 4. HP: 16/29 MP: 4/4
  1601 | D:2      | Found a runed translucent door.
  1602 | D:2      | Noticed Crazy Yiuf
  1757 | D:2      | Slain by Crazy Yiuf

Illustrated notes

Levels and vault maps discovered:
D:1:      dpeg_arrival_refuge, layout_basic, shapermc_ecumenical_altar_gd,
          amcnicky_mini_corridor_feature
D:2:      layout_rooms, corexii_item_surrounded_by_moat, kennysheep_nub,
          uniq_terence, uniq_crazy_yiuf_cottage

Skill      XL: |  1  2  3  4 |
---------------+-------------+-----
Shields        | 4 |  4.0
Armour         | 4 |  4.0
Fighting       | |  3.9
Maces & Flails | |  2.8

Action                     |  1- 3 |  4- 6 || total
---------------------------+-------+-------++-------
  Melee: Flail             |   111 |    58 ||   169
 Armour: Scale mail        |    68 |    26 ||    94
  Dodge: Dodged            |    68 |    19 ||    87
  Block: Buckler           |    35 |    12 ||    47

Table legend: (Time is in decaauts)
 A = Elapsed time spent in this place.
 B = Non-inter-level travel time spent in this place.
 C = Inter-level travel time spent in this place.
 D = Time resting spent in this place.
 E = Time spent auto-exploring this place.
 F = Levels seen in this place.
 G = Mean time per level.
                   A        B        C        D        E       F      G
               +--------+--------+--------+--------+--------+-----+--------+
         Total |   1808 |   1747 |     61 |    142 |   1243 |   2 |  904.0 |
       Dungeon |   1808 |   1747 |     61 |    142 |   1243 |   2 |  904.0 |
               +--------+--------+--------+--------+--------+-----+--------+

Top non-repeatable levels by time:
     D:1: 1028 daAuts
     D:2: 780 daAuts
